 Dungeon Crawl Stone Soup version 0.30-a0-618-gd6c86c23d0 (webtiles) character file.

Game seed: 6547013529309841579

42 Leeroy the Ruffian (level 3, 0/29 HPs)
             Began as an Armataur Transmuter on Jan 9, 2023.
             Succumbed to an adder's poison
             ... on level 2 of the Dungeon.
             The game lasted 00:01:02 (622 turns).

Leeroy the Ruffian (Armataur Transmuter)             Turns: 622, Time: 00:01:02

Health: 0/29       AC:  4    Str: 17    XL:     3   Next: 35%
Magic:  6/6        EV:  9    Int: 13    God:
Gold:   26         SH:  0    Dex: 10    Spells: 5/6 levels left

rFire   . . .      SeeInvis .      - Unarmed
rCold   . . .      Faith    .    (no shield)
rNeg    . . .      Spirit   .    a - +0 robe
rPois   .          Reflect  .    (no helmet)
rElec   .          Harm     .    (no cloak)
rCorr   .          Roll     +    (no gloves)
Will    .....                    (no barding)
Stlth   +                        (no amulet)
HPRegen 0.24/turn                (no ring)
MPRegen 0.10/turn                (no ring)

@: lethally poisoned (0 -> -2)
A: large, rugged brown scales 3, deformed body, armoured tail, roll, long
tongue, awkward tongue
a: no special abilities


You were on level 2 of the Dungeon.
You visited 1 branch of the dungeon, and saw 2 of its levels.

You collected 26 gold pieces.

Inventory:

Armour
 a - a +0 robe (worn)
Scrolls
 d - a scroll of identify {unknown}
Potions
 b - a potion of lignification
 c - 2 potions of resistance {unknown}


   Skills:
 + Level 1.0 Fighting
 + Level 1.7 Dodging
 + Level 0.1 Stealth
 + Level 3.4 Unarmed Combat
 + Level 2.0 Spellcasting
 + Level 1.9 Transmutations


You had 5 spell levels left.
You knew the following spells:

 Your Spells              Type           Power      Damage    Failure   Level
a - Beastly Appendage     Tmut           12%        N/A       12%         1

Your spell library contained the following spells:

 Spells                   Type           Power      Damage    Failure   Level
 Wereblood                Tmut           6%         N/A       17%         2
 Spider Form              Tmut/Pois      3%         N/A       45%         3
 Ice Form                 Ice/Tmut       3%         N/A       86%         4


Dungeon Overview and Level Annotations

Branches:
Dungeon (2/15)

Altars:


Innate Abilities, Weirdness & Mutations

You are completely covered in rugged brown scales. (AC +3, +7% HP)
Armour fits poorly on your strangely shaped body.
You have a long armoured tail.
You roll when moving toward enemies. (Rampage)
Your long tongue fully drains potion bottles. (2x potion effects)
Your tongue gives you trouble enunciating. (1.5x scroll delay)


Message History

You kill the quokka!
The bat hits you but does no damage. The adder bites you.
The quokka closely misses you.
You are too injured to fight recklessly!
You are too injured to fight recklessly!
You are too injured to fight recklessly!
You are too injured to fight recklessly!
You are too injured to fight recklessly!
You are too injured to fight recklessly!
You closely miss the adder. The bat closely misses you.
The adder bites you but does no damage.
The quokka bites you but does no damage.
You barely miss the adder. The bat barely misses you. The adder bites you.
You are poisoned.
The adder poisons you! The quokka bites you.
The adder bites you but does no damage.
You hit the adder.
The adder is moderately wounded.
You feel sick. The quokka barely misses you.
The adder bites you but does no damage.
You miss the adder.
The adder is moderately wounded.
You feel sick. The bat hits you but does no damage. The bat hits you.
* * * LOW HITPOINT WARNING * * *
The quokka bites you.
* * * LOW HITPOINT WARNING * * *
The adder bites you but does no damage. The quokka closely misses you.
You punch the adder!
You kill the adder!
You feel sick. The bat barely misses you.
The quokka bites you but does no damage.
You feel sick. The bat hits you.
* * * LOW HITPOINT WARNING * * *
The quokka closely misses you.
You see here a hobgoblin corpse.
* * * LOW HITPOINT WARNING * * *
You feel sick. The quokka bites you.
* * * LOW HITPOINT WARNING * * *
You closely miss the quokka.
You die...

#..#. ##..###
#..#. .....
#....###...####
.#.....#......
............#
#.....#.b.###.#
#......†......#
#.....@†..##
.....#..r..<#
..........#.# .
#..##.....#
......#..###
.####..#..#
....#>.#
#...#..# #


You could see a quokka and a bat.

Vanquished Creatures
  An adder (D:2)
  3 endoplasms (D:1)
  3 giant cockroaches (D:1)
  2 goblins (D:1)
  2 hobgoblins
  4 jackals (D:1)
  A quokka (D:2)
  7 ball pythons (D:1)
  2 bats (D:1)
  2 frilled lizards (D:1)
  3 kobolds (D:1)
  A rat (D:1)
31 creatures vanquished.

Notes
Turn   | Place    | Note
-------+----------+-------------------------------------------
     0 | D:1      | Leeroy the Armataur Transmuter began the quest for the Orb.
     0 | D:1      | Reached XP level 1. HP: 16/16 MP: 3/3
    87 | D:1      | Reached skill level 3 in Unarmed Combat
   127 | D:1      | Reached XP level 2. HP: 19/23 MP: 4/4
   474 | D:1      | Reached skill level 1 in Fighting
   546 | D:1      | Reached XP level 3. HP: 27/29 MP: 6/6
   621 | D:2      | HP: 1/29 [quokka (2)]
   622 | D:2      | Succumbed to an adder's poison

Illustrated notes

Levels and vault maps discovered:
D:1:      minmay_arrival_nine_rooms, layout_basic,
          shapermc_ecumenical_altar_totnotflames, serial_glass, glass_columns_a,
          glass_columns_b, glass_columns_a, glass_columns_b, glass_columns_a,
          glass_columns_a, grunt_decor_junction, minmay_misc_feat_roman
D:2:      layout_basic, minmay_fractal_squares_5

Skill      XL: |  1  2 |
---------------+-------+-----
Unarmed Combat | 3 |  3.4
Spellcasting   | 2 |  2.0
Fighting       | 1 |  1.0
Dodging        | |  1.7
Stealth        | |  0.1
Transmutations | |  1.9

Action                   || total
-------------------------++-------
Melee: Unarmed           ||   122
       Tailslap          ||    10
       Punch             ||     2
 Cast: Beastly Appendage ||     1
Armor: Robe              ||    65
Dodge: Dodged            ||    78

Table legend: (Time is in decaauts)
 A = Elapsed time spent in this place.
 B = Non-inter-level travel time spent in this place.
 C = Inter-level travel time spent in this place.
 D = Time resting spent in this place.
 E = Time spent auto-exploring this place.
 F = Levels seen in this place.
 G = Mean time per level.
                   A        B        C        D        E       F      G
               +--------+--------+--------+--------+--------+-----+--------+
         Total |    614 |    614 |      0 |      0 |    429 |   2 |  307.0 |
       Dungeon |    614 |    614 |      0 |      0 |    429 |   2 |  307.0 |
               +--------+--------+--------+--------+--------+-----+--------+

Top non-repeatable levels by time:
     D:1: 596 daAuts
     D:2: 17 daAuts
